 Dungeon Crawl Stone Soup version 0.17-a0-1164-g0ba867e (webtiles) character file.

179765 Chiseanne the Warrior (level 17, -2/145 HPs)
             Began as a Demonspawn Wanderer on May 27, 2015.
             Was an Initiate of Gozag.
             Slain by an enormous slime creature (60 damage)
             ... on level 2 of the Vaults on May 28, 2015.
             The game lasted 02:14:54 (35996 turns).

Chiseanne the Warrior (Demonspawn Wanderer)        Turns: 35996, Time: 02:14:54

Health: -2/145     AC: 33    Str: 40    XL:     17   Next: 30%
Magic:  0/20       EV: 16    Int: 19    God:    Gozag
Gold:   4935       SH:  0    Dex: 19    Spells: 4 memorised, 9 levels left

rFire  + + .     SeeInvis +     s - +7 battleaxe of Trog's Wrath {venom, rPois Str+8 Int-2}
rCold  + . .     Clarity  .     W - +4 gold dragon armour
rNeg   + + .     SustAt   .     (no shield)
rPois  +         Gourm    .     (helmet unavailable)
rElec  +         Spirit   +     v - +0 cloak "Koidifot" {Int+4}
rCorr  .         Warding  +     t - +2 pair of gloves
rMut   .         Stasis   .     T - +0 pair of boots of Eternity {-Cast rF+ Dex+4}
MR     +....     NoCast   +     y - amulet "Uwistiw" {Ward rElec rF- rN+ Str+12 Stlth-}
Stlth  ..........               i - ring of Noon {rF+ Str+4 Int+2}
                                q - ring of positive energy

@: somewhat resistant to hostile enchantments, extremely unstealthy
A: antennae 3, slimy green scales 2, spiny 2, magic shield
a: Potion Petition, Call Merchant, Bribe Branch, Renounce Religion
}: 1/15 runes: decaying


You were on level 2 of the Vaults.
You worshipped Gozag.
Gozag was noncommittal.
You were not hungry.

You visited 6 branches of the dungeon, and saw 34 of its levels.
You also visited: Labyrinth.

You collected 11790 gold pieces.
You spent 3683 gold pieces at shops.
You paid 3172 gold pieces to Gozag.

Inventory:

Hand weapons
 a - a +3 glaive of flaming
 e - the +7 hand crossbow of Prudence {elec, rF++ rC+}
   (You bought it in a shop on level 2 of the Vaults)

   It charges the ammunition it shoots with electricity; occasionally upon a
   hit, such missiles may discharge and cause terrible harm.
   It greatly protects you from fire.
   It protects you from cold.
 s - the +7 battleaxe of Trog's Wrath (weapon) {venom, rPois Str+8 Int-2}
   (You found it on level 6 of the Lair of Beasts)

   It poisons the flesh of those it strikes.
   It affects your strength (+8).
   It affects your intelligence (-2).
   It protects you from poison.
 w - a +0 blowgun
Missiles
 c - 26 silver bolts
 l - 59 poisoned needles
 z - 4 tomahawks of dispersal (quivered)
 B - 40 bolts of penetration
 H - 445 bolts
 N - 22 poisoned bolts
 U - 27 bolts of flame
Armour
 t - a +2 pair of gloves (worn)
 v - the +0 cloak "Koidifot" (worn) {Int+4}
   (You bought it in a shop on level 4 of the Orcish Mines)

   It affects your intelligence (+4).
 T - the +0 pair of boots of Eternity (worn) {-Cast rF+ Dex+4}
   (You acquired it on level 1 of the Vaults)

   It affects your dexterity (+4).
   It protects you from fire.
   It prevents spellcasting.
 W - a +4 gold dragon armour (worn)
Jewellery
 i - the ring of Noon (right hand) {rF+ Str+4 Int+2}
   (You took it off a minotaur in a labyrinth)

   [ring of intelligence]

   It affects your strength (+4).
   It affects your intelligence (+2).
   It protects you from fire.
 q - a ring of positive energy (left hand)
 y - the amulet "Uwistiw" (around neck) {Ward rElec rF- rN+ Str+12 Stlth-}
   (You bought it in a shop on level 4 of the Orcish Mines)

   [amulet of warding]

   It may prevent the melee attacks of summoned creatures.
   It affects your strength (+12).
   It makes you vulnerable to fire.
   It insulates you from electricity.
   It protects you from negative energy.
   It makes you less stealthy.
Magical devices
 u - a wand of lightning (3)
 C - a wand of cold (5)
 D - a wand of lightning (4)
 I - a wand of digging (5)
 L - a wand of teleportation (5)
 O - a wand of lightning (7)
 V - a wand of teleportation (3)
 Y - a wand of fire (6)
Scrolls
 b - 15 scrolls of teleportation
 f - 10 scrolls of remove curse
 k - 3 scrolls of immolation
 m - 2 scrolls of blinking
 o - a scroll of magic mapping
 r - 3 scrolls of fear
 Q - a scroll of identify
Potions
 g - a potion of resistance
 h - 3 potions of heal wounds
 A - 3 potions of might
 G - a potion of ambrosia
 J - 2 potions of agility
 K - 7 potions of curing
 M - 2 potions of haste
 Z - a potion of berserk rage
Books
 n - a book of Cantrips

   Spells                             Type                      Level
   a - Corona                         Hexes                        1
   b - Animate Skeleton               Necromancy                   1
   c - Summon Small Mammal            Summoning                    1
   d - Apportation                    Translocation                1
Miscellaneous
 x - a lamp of fire (inert)
 R - a phial of floods
Comestibles
 j - 19 bread rations
 p - 18 meat rations


   Skills:
 * Level 16.3 Fighting
 * Level 13.0(13.4) Axes
 - Level 6.1(10.5) Polearms
   Level 12.6 Slings
 * Level 0.8 Crossbows
 * Level 13.4 Armour
 - Level 12.0 Dodging
 - Level 3.6 Stealth
 - Level 5.2 Evocations


You had 9 spell levels left.
You knew the following spells:

 Your Spells              Type           Power        Failure   Level  Hunger
a - Apportation           Tloc           #.........   99%         1    ##.....
b - Blink                 Tloc           N/A          100%        2    ###....
c - Repel Missiles        Chrm/Air       #.....       100%        2    ###....
d - Swiftness             Chrm/Air       #.......     100%        2    ###....


Dungeon Overview and Level Annotations

Branches:
Dungeon (15/15)            Temple (1/1) D:6            Lair (8/8) D:8
  Swamp (4/4) Lair:5        Snake (0/4) Lair:6        Slime (0/6) Lair:7
    Orc (4/4) D:11            Elf (0/3) Orc:3        Vaults (2/5) D:14
 Depths (0/5) D:15
  Crypt: Vaults:2-3

Altars:
Ashenzari
Cheibriados
Dithmenos
Elyvilon
Fedhas
Gozag
Kikubaaqudgha
Makhleb
Nemelex Xobeh
Okawaru
Qazlal
Ru
Sif Muna
Trog
Vehumet
Xom
Yredelemnul
Zin
The Shining One
Beogh

Shops:
D:4 }   D:14 *   D:15 :   Orc:3 (   Orc:4 *:[   Vaults:1 !   Vaults:2 (
Vaults:3 !   Depths:1 !


Innate Abilities, Weirdness & Mutations

You have a pair of large antennae on your head (SInv).
You are mostly covered in slimy green scales (AC +3).
You are mostly covered in sharp spines.
When hurt, damage is shared between your health and your magic reserves.


Message History

Your fire elemental completely misses the salamander stormcaller.
The fire vortex is struck by your spines.
The fire vortex dissipates!
The large slime creature is struck by your spines.
The large slime creature hits you!!
The enormous slime creature is engulfed in roaring flames.
The enormous slime creature closely misses you.
You slash the large slime creature!
You kill the large slime creature!
Your Axes skill increases to level 13!
You slice the enormous slime creature!!
The enormous slime creature is almost dead.
You are engulfed in roaring flames.
You resist. Something hits your fire elemental.
Your fire elemental is engulfed in flames.
Your fire elemental completely resists.
The enormous slime creature is struck by your spines.
The enormous slime creature hits you!!!
You die...
Your body crumbles into a pile of gold.

.# #..# .# #############
#..# .# #.#.#...#.#.# #..#
.# ##.#.#.#.#.## #..# .#
#.#########># #..# .#
##.#§#.# #.## #..# .#
#.###§.§###.# #..# .#
#..#..E$$#..# #..# #.##
{#@#.# #..# ##.# #J#§##
#..# #.#########§# #..#
##.#.#.#)#.## #..#
#.#.#.))#.#.# #..#
.#############)########..#
.........................#
.........................#
.............#########...#


You could see an enormous slime creature and a friendly fire elemental.

Vanquished Creatures
  Nikola (Swamp:4)
  Frances (Swamp:1)
  6 vault wardens
  Maud (Lair:7)
  3 ironheart preservers (Vaults:1)
  2 very ugly things (Vaults:2)
  4 vault guards
  A fire dragon (Lair:8)
  2 yaktaur captains (Vaults:1)
  The ghost of ragan the Protected, a powerful MiBe of Trog (Lair:3)
  A minotaur (Lab)
  A great orb of eyes (Vaults:1)
  11 hydras
  A ghost crab (Swamp:4)
  An ice dragon (Vaults:1)
  5 centaur warriors
  A queen ant (D:13)
  6 death yaks (Lair:8)
  An alligator (Swamp:2)
  3 ogre magi
  A deep troll shaman (Vaults:1)
  The ghost of Kisielow the Spear-Bearer, an experienced MfSk of Yredelemnul (Lair:1)
  The ghost of tyrsky the Cleaver, an experienced DDWr of Makhleb (Lair:2)
  A tengu warrior (D:15)
  5 unseen horrors
  2 spriggan druids (Swamp:3)
  8 hill giants
  A giant orange brain (D:15)
  2 deep trolls (Vaults:1)
  3 swamp dragons
  3 wizards
  A shambling mangrove (Swamp:1)
  3 ironbrand convokers
  A necromancer (D:14)
  2 lindwurms (Lair:8)
  A harpy (shapeshifter) (D:15)
  A flayed ghost (Vaults:2)
  4 griffons
  12 ugly things
  4 harpies (Vaults:2)
  A spectral hydra (Swamp:4)
  6 orc knights
  A hornet (Swamp:1)
  4 wolf spiders (Vaults:1)
  4 oklob plants
  3 cyclopes
  2 manticores
  13 elephants
  A salamander (shapeshifter) (D:15)
  7 black mambas
  A vault sentinel (Vaults:1)
  2 molten gargoyles (D:14)
  7 torpor snails
  4 gargoyles
  26 spiny frogs
  10 komodo dragons
  4 trolls
  A kobold demonologist (D:12)
  A tengu conjurer (D:15)
  18 yaktaurs
  A fire drake (shapeshifter) (D:15)
  A yaktaur (shapeshifter) (D:15)
  7 giant leeches
  A jumping spider (shapeshifter) (Vaults:2)
  A polar bear (Lair:4)
  A deep elf priest (Vaults:2)
  2 fire drakes (Lair:8)
  6 two-headed ogres
  A freezing wraith (Vaults:2)
  A blink frog (shapeshifter) (Vaults:2)
  A fire vortex (Vaults:2)
  50 slime creatures
  A spectral swamp dragon (Swamp:4)
  A boulder beetle (Lair:7)
  A trapdoor spider (D:13)
  16 blink frogs
  4 ravens
  20 humans (D:14)
  3 spriggans (Swamp:3)
  2 wraiths
  2 deep elf magi
  3 wyverns
  Eustachio (D:4)
  12 vampire mosquitoes
  4 basilisks
  A fire bat (shapeshifter) (D:15)
  40 yaks
  11 hippogriffs
  2 steam dragons
  2 deep elf fighters (Vaults:2)
  10 swamp worms
  19 wolves
  2 nagas (Lair:6)
  4 wargs
  4 mottled dragons
  20 soldier ants (D:13)
  10 porcupines
  12 water moccasins
  2 black bears
  An eye of draining (D:14)
  3 swamp drakes
  5 wasps
  2 sky beasts
  30 orc warriors
  28 crocodiles
  2 phantoms
  An ice beast (D:12)
  19 ogres
  14 boggarts
  A necrophage (D:9)
  9 centaurs
  2 big kobolds (D:9)
  21 giant frogs
  5 brain worms
  3 scorpions
  2 wyvern skeletons
  30 killer bees
  9 wights
  3 electric eels
  8 crimson imps
  2 giant frog zombies (D:12)
  6 centaur skeletons
  2 centaur zombies (D:5)
  5 lava snakes (D:14)
  5 hounds
  A jelly (D:13)
  21 orc priests
  20 orc wizards
  A giant frog skeleton (D:12)
  Terence (D:3)
  2 quasits (D:4)
  32 worker ants
  7 iguanas
  20 sheep
  A hound skeleton (D:4)
  3 worker ant zombies
  Robin (D:2)
  15 adders
  7 gnolls
  39 river rats
  A shadow imp (D:11)
  2 oozes
  An adder skeleton (D:5)
  17 worms
  191 orcs
  3 giant cockroaches
  24 goblins
  30 hobgoblins
  5 quokkas
  4 ball pythons
  15 bats
  18 giant geckos
  A giant gecko skeleton (D:6)
  A giant gecko zombie (D:8)
  10 giant newts
  7 jackals
  22 kobolds
  10 rats
  A bush (Lair:2)
  5 fungi
  12 plants
1277 creatures vanquished.

Vanquished Creatures (collateral kills)
  An elephant (Lair:8)
  A spiny frog (Lair:8)
  2 orc warriors (Orc:4)
4 creatures vanquished.

Vanquished Creatures (others)
  Jorgrun (Swamp:4)
  An ogre mage (Vaults:2)
  An orc warrior (Orc:4)
  An orc knight (Orc:4)
  A cyclops (Vaults:2)
  A fire vortex (Vaults:2)
  3 fungi
  A plant (D:8)
10 creatures vanquished.

Grand Total: 1291 creatures vanquished

Notes
Turn   | Place    | Note
--------------------------------------------------------------
     0 | D:1      | Chiseanne the Demonspawn Wanderer began the quest for the Orb.
     0 | D:1      | Chiseanne set off with: a +2 spear, 2 scrolls of teleportation, a +0 robe, a +0 dagger, a bread ration
     0 | D:1      | Reached XP level 1. HP: 19/19 MP: 1/1
   342 | D:1      | Gained mutation: You are partially covered in sharp spines. [demonic ancestry]
   342 | D:1      | Reached XP level 2. HP: 23/26 MP: 2/2
  1109 | D:2      | Noticed Robin
  1115 | D:2      | Reached XP level 3. HP: 30/32 MP: 3/3
  1131 | D:2      | Killed Robin
  1131 | D:2      | Reached skill level 5 in Fighting
  1689 | D:2      | Gained mutation: When hurt, damage is shared between your health and your magic reserves. [demonic ancestry]
  1689 | D:2      | Reached XP level 4. HP: 37/39 MP: 4/4
  2042 | D:3      | Reached skill level 1 in Armour
  2046 | D:3      | Gained mutation: You are partially covered in slimy green scales (AC +2). [demonic ancestry]
  2046 | D:3      | Reached XP level 5. HP: 35/46 MP: 3/5
  2395 | D:3      | Noticed Terence
  2403 | D:3      | Killed Terence
  2403 | D:3      | Reached skill level 6 in Fighting
  2850 | D:4      | Reached XP level 6. HP: 52/52 MP: 6/6
  3280 | D:4      | Found a glowing golden altar of the Shining One.
  3281 | D:4      | Noticed Eustachio
  3283 | D:4      | Noticed an angel
  3306 | D:4      | Killed Eustachio
  3306 | D:4      | Gained mutation: You are mostly covered in slimy green scales (AC +3). [demonic ancestry]
  3306 | D:4      | Reached XP level 7. HP: 41/59 MP: 4/7
  3420 | D:4      | Found Nawkinlax's Gadget Emporium.
  3558 | D:4      | Found a basalt altar of Yredelemnul.
  3715 | D:5      | Entered Level 5 of the Dungeon
  3793 | D:5      | Found a radiant altar of Vehumet.
  4280 | D:5      | Reached skill level 5 in Dodging
  4516 | D:6      | You fall through a shaft!
  4605 | D:6      | Found a staircase to the Ecumenical Temple.
  4612 | D:6      | Gained mutation: You have a pair of small antennae on your head. [demonic ancestry]
  4612 | D:6      | Reached XP level 8. HP: 57/65 MP: 6/8
  4630 | Temple   | Entered the Ecumenical Temple
  5048 | D:6      | Identified the Guide on Supportive Orientation
  5112 | D:6      | Got a blackened scale mail
  5125 | D:6      | Identified the +5 scale mail of Conscience {MR+} (You found it on level 6 of the Dungeon)
  5546 | D:6      | Reached skill level 7 in Fighting
  5646 | D:7      | Reached skill level 5 in Armour
  5928 | D:7      | Reached XP level 9. HP: 56/72 MP: 7/9
  6422 | D:8      | Reached skill level 1 in Evocations
  6633 | D:8      | Reached skill level 8 in Dodging
  6989 | D:8      | Reached XP level 10. HP: 58/81 MP: 8/11
  7028 | D:8      | Found a staircase to the Lair.
  7166 | D:8      | Found a burning altar of Makhleb.
  7196 | D:8      | Reached skill level 9 in Dodging
  7225 | D:8      | Found an iron altar of Okawaru.
  7226 | D:8      | Found an opulent altar of Gozag.
  8123 | Lair:1   | Entered Level 1 of the Lair of Beasts
  8140 | Lair:1   | Noticed Kisielow's ghost (experienced MfSk)
  8553 | D:9      | Found a sacrificial altar of Ru.
  9088 | D:10     | Entered Level 10 of the Dungeon
  9710 | D:10     | Got an ichor-stained leather armour
 10025 | D:10     | Reached skill level 1 in Slings
 10027 | D:10     | Reached skill level 10 in Dodging
 10322 | D:11     | Identified the +4 leather armour "Toezud" {Regen+ rCorr} (You found it on level 10 of the Dungeon)
 10350 | D:11     | Gained mutation: You have a pair of antennae on your head. [demonic ancestry]
 10350 | D:11     | Reached XP level 11. HP: 76/89 MP: 11/14
 10396 | D:11     | Killed an unseen horror
 10722 | D:11     | Found a staircase to the Orcish Mines.
 10887 | D:11     | Killed an unseen horror
 11224 | D:12     | Noticed a hill giant
 11238 | D:12     | Killed a hill giant
 11615 | D:8      | Became a worshipper of Gozag Ym Sagoz the Greedy
 11640 | D:8      | Learned a level 1 spell: Apportation
 11643 | D:8      | Learned a level 2 spell: Blink
 11646 | D:8      | Learned a level 2 spell: Repel Missiles
 11649 | D:8      | Learned a level 2 spell: Swiftness
 12112 | D:12     | Reached skill level 10 in Fighting
 12383 | D:12     | Reached skill level 11 in Dodging
 13017 | D:12     | Reached skill level 5 in Evocations
 13173 | D:12     | Killed an unseen horror
 13411 | D:13     | Gained mutation: You are mostly covered in sharp spines. [demonic ancestry]
 13411 | D:13     | Reached XP level 12. HP: 63/98 MP: 10/15
 13520 | D:13     | Found a frozen archway.
 13617 | D:13     | Found a labyrinth entrance.
 13624 | Lab      | Entered a labyrinth
 13993 | Lab      | Noticed a minotaur
 14007 | Lab      | Killed a minotaur
 14007 | Lab      | Reached skill level 5 in Slings
 14007 | Lab      | Reached skill level 12 in Dodging
 14009 | Lab      | Got a clouded bone ring
 14033 | Lab      | Identified the ring of Noon {rF+ Str+4 Int+2} (You took it off a minotaur in a labyrinth)
 14041 | Lab      | Got a pitted quarterstaff
 14044 | Lab      | Identified the +2 quarterstaff of Ixyskiru {antimagic, *Rage rN+ MP+9 Str+4} (You found it in a labyrinth)
 14661 | D:13     | Noticed a hill giant
 14665 | D:13     | Killed a hill giant
 14899 | D:13     | Noticed a queen ant
 14912 | D:13     | Killed a queen ant
 15567 | D:13     | Got a smoking ring mail
 15722 | Orc:1    | Entered Level 1 of the Orcish Mines
 15847 | Lair:1   | Killed Kisielow's ghost
 15958 | Lair:1   | Identified the +0 ring mail of Oblivion {Int+5} (You found it on level 13 of the Dungeon)
 16270 | Lair:1   | Noticed a black mamba
 16275 | Lair:1   | Killed a black mamba
 16604 | Lair:1   | Noticed a black mamba
 16610 | Lair:1   | Killed a black mamba
 16787 | Lair:1   | Reached skill level 5 in Polearms
 17206 | Lair:1   | Reached XP level 13. HP: 107/107 MP: 16/16
 17439 | Orc:1    | Found a roughly hewn altar of Beogh.
 18410 | Orc:3    | Found Amaca's Weapon Shop.
 18432 | Orc:3    | Bought a +2 hunting sling of freezing for 264 gold pieces
 18702 | Orc:3    | Found a staircase to the Elven Halls.
 18794 | Orc:3    | Found a burning altar of Makhleb.
 18870 | Orc:4    | Entered Level 4 of the Orcish Mines
 18985 | Orc:4    | Found Rannumao's Book Boutique.
 19089 | Orc:4    | Found Egotyal's Antique Armour Emporium.
 19174 | Orc:4    | Bought a heavily runed cloak for 161 gold pieces
 19180 | Orc:4    | Identified the +0 cloak "Koidifot" {Int+4} (You bought it in a shop on level 4 of the Orcish Mines)
 19232 | Orc:4    | Reached skill level 10 in Armour
 19512 | Orc:4    | Found a roughly hewn altar of Beogh.
 19849 | Orc:4    | Found Wual's Food Boutique.
 19849 | Orc:4    | Found Boarruts's General Store.
 19902 | Orc:4    | Bought a potion of magic for 136 gold pieces
 19902 | Orc:4    | Bought the amulet "Uwistiw" {Ward rElec rF- rN+ Str+12 Stlth-} for 778 gold pieces
 19902 | Orc:4    | Bought 3 fruits for 76 gold pieces
 20084 | Orc:4    | Bought a bread ration for 70 gold pieces
 20084 | Orc:4    | Bought 2 fruits for 42 gold pieces
 20084 | Orc:4    | Bought a slice of pizza for 21 gold pieces
 20084 | Orc:4    | Bought a bread ration for 70 gold pieces
 20084 | Orc:4    | Bought a slice of pizza for 21 gold pieces
 20084 | Orc:4    | Bought a beef jerky for 21 gold pieces
 20084 | Orc:4    | Bought 4 fruits for 84 gold pieces
 20084 | Orc:4    | Bought 2 fruits for 42 gold pieces
 20084 | Orc:4    | Bought a bread ration for 70 gold pieces
 20084 | Orc:4    | Bought a bread ration for 70 gold pieces
 20084 | Orc:4    | Bought a royal jelly for 28 gold pieces
 20084 | Orc:4    | Bought a meat ration for 70 gold pieces
 20084 | Orc:4    | Bought a meat ration for 70 gold pieces
 20084 | Orc:4    | Bought a beef jerky for 21 gold pieces
 20986 | Lair:2   | Reached skill level 1 in Axes
 21315 | Lair:2   | Noticed Nergalle
 21316 | Lair:2   | Noticed Nergalle
 21316 | Lair:2   | Nergalle changed into Nergalle the manticore
 21322 | Lair:2   | Killed Nergalle the manticore
 21338 | Lair:2   | Noticed tyrsky's ghost (experienced DDWr)
 21361 | Lair:2   | Killed tyrsky's ghost
 21993 | Lair:3   | Noticed ragan's ghost (powerful MiBe)
 22021 | Lair:3   | Killed ragan's ghost
 23871 | Lair:5   | Reached skill level 13 in Fighting
 23875 | Lair:5   | Reached XP level 14. HP: 86/118 MP: 17/17
 24471 | Lair:5   | Found a staircase to the Swamp.
 24900 | Lair:6   | Got a crystal battleaxe
 24901 | Lair:6   | Identified the +7 battleaxe of Trog's Wrath {venom, rPois Str+8 Int-2} (You found it on level 6 of the Lair of Beasts)
 25557 | Lair:6   | Found a staircase to the Snake Pit.
 25563 | Lair:6   | Reached skill level 10 in Slings
 25829 | Lair:7   | Reached skill level 5 in Axes
 25908 | Lair:7   | Noticed Maud
 25915 | Lair:7   | Killed Maud
 26591 | Lair:7   | Found a staircase to the Slime Pits.
 27091 | Lair:8   | Entered Level 8 of the Lair of Beasts
 27443 | Lair:8   | Reached skill level 14 in Fighting
 27446 | Lair:8   | Reached XP level 15. HP: 100/126 MP: 18/18
 27984 | Lair:8   | Found a runed door.
 29484 | D:14     | Found a gate to the Vaults.
 29699 | D:14     | Got a twisted ring mail
 29700 | D:14     | Identified the +5 ring mail "Rotoar" {+Fly rF+ Str+2} (You found it on level 14 of the Dungeon)
 29935 | D:14     | Found Mevoassaull's Assorted Antiques.
 29947 | D:14     | Bought a potion of haste for 250 gold pieces
 29947 | D:14     | Bought a smoking triple sword for 375 gold pieces
 29947 | D:14     | Bought a scroll of recharging for 237 gold pieces
 29948 | D:14     | Identified the +4 triple sword of the Unliving {flame, rPois rN+ Dex+3} (You bought it in a shop on level 14 of the Dungeon)
 30082 | D:15     | Entered Level 15 of the Dungeon
 30459 | D:15     | Found Eliving's Book Shop.
 30617 | D:15     | Found a staircase to the Depths.
 30704 | D:15     | Reached skill level 15 in Fighting
 31243 | Lair:1   | Upgraded the game from 0.17-a0-1150-g17b0b87 to 0.17-a0-1164-g0ba867e
 31344 | Swamp:1  | Entered Level 1 of the Swamp
 31399 | Swamp:1  | Reached skill level 10 in Axes
 31528 | Swamp:1  | Noticed Frances
 31536 | Swamp:1  | Killed Frances
 31597 | Swamp:2  | Gained mutation: You have a pair of large antennae on your head (SInv). [demonic ancestry]
 31597 | Swamp:2  | Reached XP level 16. HP: 122/136 MP: 19/19
 31803 | Swamp:4  | Entered Level 4 of the Swamp
 31838 | Swamp:4  | Noticed Jorgrun
 31853 | Swamp:4  | Killed Jorgrun
 32072 | Swamp:4  | Noticed Nikola
 32085 | Swamp:4  | Killed Nikola
 32093 | Swamp:4  | Got a decaying rune of Zot
 32835 | Vaults:1 | Entered Level 1 of the Vaults
 32835 | Vaults:1 | Found Kialyng's Distillery.
 32838 | Vaults:1 | Bought a potion of curing for 60 gold pieces
 32838 | Vaults:1 | Bought a potion of might for 80 gold pieces
 32838 | Vaults:1 | Bought a potion of agility for 80 gold pieces
 32838 | Vaults:1 | Bought a potion of poison for 20 gold pieces
 32838 | Vaults:1 | Bought a potion of magic for 160 gold pieces
 33098 | Vaults:1 | Paralysed by an ogre mage for 7 turns
 33488 | Vaults:1 | Paralysed by a wizard for 2 turns
 33714 | Vaults:1 | Identified a scroll of acquirement
 33718 | Vaults:1 | Got a pair of steaming boots
 33729 | Vaults:1 | Identified the +0 pair of boots of Eternity {-Cast rF+ Dex+4} (You acquired it on level 1 of the Vaults)
 33780 | Vaults:1 | Reached skill level 16 in Fighting
 34289 | Vaults:2 | Reached XP level 17. HP: 144/144 MP: 20/20
 34330 | Vaults:2 | Found Cuidgho's Antique Weapon Emporium.
 34338 | Vaults:2 | Bought a shimmering hand crossbow for 306 gold pieces
 34340 | Vaults:2 | Identified the +7 hand crossbow of Prudence {elec, rF++ rC+} (You bought it in a shop on level 2 of the Vaults)
 35996 | Vaults:2 | Slain by an enormous slime creature

Vault maps used:
D:1:      minmay_arrival_checkered_box, st_stairs_2, minmay_fountain_box,
          hangedman_feature_mirror
D:2:      uniq_robin
D:3:      first_bread, kennysheep_generic_room_15, uniq_terence
D:4:      grunt_temple_overflow_holy_war, serial_shops, nicolae_shop_crystal,
          uniq_eustachio
D:5:      old_standard_altar
D:6:      minmay_temple_entry_statues_fountains
D:7:      corexii_shack_village, grunt_ogre_cave
D:8:      nicolae_overflow_hidden_temple, minmay_lair_entry_grove,
          enter_bailey_8
D:9:      nicolae_ru_the_path_less_chosen
D:11:     hiddenorc1_lemuel
D:13:     portal_ice_cave_entry_pillars_01, lab_entry_generic, minivault_29
D:14:     cheibrodos_magma_flow, grunt_vaults_entry_tiered,
          small_statue_intersection
D:15:     gammafunk_enter_depths_forms, fountainhead
Temple:   minmay_temple_forest_path_12
Lair:1:   lemuel_reptile_caves, st_stairs_7, minmay_hedge_maze,
          beast_lair_carwin_7
Lair:2:   small_statue_intersection, disabler_island, serial_bayou_shore_b,
          infiniplex_staircase_pool_2, uniq_nergalle
Lair:3:   grunt_forest_small_clearing_treed
Lair:4:   serial_bayou_shore_a
Lair:5:   minmay_swamp_entry_worms, minivault_26, minmay_holes,
          serial_bayou_shore_b
Lair:6:   guppyfry_snake_entry_garden
Lair:7:   minmay_slime_entry_oklob_enclosed, hangedman_lair_generics_rect,
          infiniplex_staircase_pool, uniq_maud
Lair:8:   wormcave, hangedman_lair_in_review
Swamp:1:  evilmike_swamp_ruin_house_6, swamp_pool4, uniq_frances
Swamp:2:  evilmike_swamp_ruin_house_5
Swamp:3:  evilmike_swamp_ruin_rubble_2, nicolae_swamp_hydra_murder_den
Swamp:4:  swamp, uniq_kirke, uniq_jorgrun, uniq_nikola
Orc:1:    basic_altar
Orc:3:    serial_shops, shop, nicolae_orc_pool_cavern, bloody_makhleb
Orc:4:    st_orc_town
Vaults:1: v_misc_29, vaults_mumra_minichess,
          hangedman_vaults_stretched_pinwheel, vaults_room_grunt_arrival_ludios,
          ontoclasm_vaults_ring_small, vaults_dpeg_hooks, ontoclasm_vaults_chip,
          serial_shops, shop
Vaults:2: vaults_standard_mumra_x, v_pattern_5, v_rooms_3,
          vaults_standard_mumra_lines, nicolae_vaults_windows_and_doors_thing,
          ontoclasm_vaults_loading_screen, vaults_dpeg_encased_lava,
          vaults_dpeg_diagonal, serial_shops, nicolae_shop_waterfront
Lab:      labyrinth_mini_lab

Action                   |  1- 3 |  4- 6 |  7- 9 | 10-12 | 13-15 | 16-18 || total
-------------------------+-------+-------+-------+-------+-------+-------++-------
Melee: Spear             |    67 |   107 |       |       |       |       ||   174
       Flail             |       |    13 |   213 |   156 |       |       ||   382
       Hand axe          |       |       |       |   357 |    21 |       ||   378
       Glaive            |       |       |       |   272 |   457 |    10 ||   739
       War axe           |       |       |       |       |   172 |       ||   172
       Battleaxe         |       |       |       |       |   488 |   326 ||   814
 Fire: Hunting sling     |       |       |       |       |   143 |       ||   143
       Blowgun           |       |       |       |       |    22 |     9 ||    31
       Hand crossbow     |       |       |       |       |       |     7 ||     7
Throw: Tomahawk          |       |       |       |    13 |       |       ||    13
Invok: Potion Petition   |       |       |       |       |     1 |       ||     1
       Call Merchant     |       |       |       |       |     4 |       ||     4
Evoke: Wand              |       |       |       |     9 |    12 |       ||    21
       Lamp of fire      |       |       |       |       |       |     1 ||     1
  Use: Scroll            |       |     7 |     7 |    13 |    12 |     5 ||    44
       Potion            |       |       |       |    10 |     2 |     1 ||    13
 Stab: Sleeping          |     6 |     5 |     4 |     3 |       |       ||    18
       Distracted        |       |       |       |     6 |    10 |    11 ||    27
       Invisible         |       |       |       |       |       |     7 ||     7
       Confused          |       |       |       |       |       |     2 ||     2
  Eat: Chunk             |     2 |     4 |    11 |    14 |       |       ||    31
       Beef jerky        |       |     1 |       |     8 |     7 |     1 ||    17
       Bread ration      |       |     1 |       |     2 |     5 |     3 ||    11
       Fruit             |       |       |     1 |     3 |    15 |       ||    19
       Pizza             |       |       |       |       |     3 |       ||     3
       Royal jelly       |       |       |       |       |     1 |       ||     1
